 Dungeon Crawl Stone Soup version 0.18.1-50-g88ac8fd (webtiles) character file.

298 Firecrotchwizard the Covert (level 6, -1/30 HPs)
             Began as a Spriggan Enchanter on Nov 1, 2016.
             Was an Initiate of Nemelex Xobeh.
             Slain by a wight
             ... wielding a cursed +0 flail
              (10 damage)
             ... on level 4 of the Dungeon.
             The game lasted 00:19:13 (3338 turns).

Firecrotchwizard the Covert (Spriggan Enchanter)    Turns: 3338, Time: 00:19:13

Health: -1/30      AC:  4    Str:  6    XL:     6   Next: 13%
Magic:  11/11      EV: 19    Int: 16    God:    Nemelex Xobeh [......]
Gold:   134        SH:  0    Dex: 22    Spells: 3 memorised, 4 levels left

rFire  . . .     SeeInvis +     a - +1 dagger
rCold  . . .     Gourm    .     b - +1 robe
rNeg   + . .     Faith    .     (shield restricted)
rPois  .         Spirit   .     (helmet restricted)
rElec  .         Dismiss  .     e - +0 cloak
rCorr  .         Reflect  .     (gloves unavailable)
SustAt .         Harm     .     (boots unavailable)
MR     +....                    (no amulet)
Stlth  +++++.....               i - +5 ring of dexterity
                                h - ring of positive energy

@: drained, very quick, somewhat resistant to hostile enchantments, quite
stealthy
A: unfitting armour, see invisible, herbivore 3, speed 3, slow metabolism 2
a: Renounce Religion


You were on level 4 of the Dungeon.
You worshipped Nemelex Xobeh.
Nemelex Xobeh was noncommittal.
You were not hungry.

You visited 1 branch of the dungeon, and saw 4 of its levels.

You collected 134 gold pieces.

Inventory:

Hand Weapons
 a - a +1 dagger (weapon)
 l - a +0 blowgun
Missiles
 m - 4 poisoned needles (quivered)
Armour
 b - a +1 robe (worn)
 e - a +0 cloak (worn)
Jewellery
 h - a ring of positive energy (left hand)
 i - a +5 ring of dexterity (right hand)
Scrolls
 f - 6 scrolls of identify {unknown}
 j - 2 scrolls of magic mapping {unknown}
 k - 2 scrolls of remove curse {unknown}
 p - a scroll of teleportation {unknown}
 r - a scroll of fog {unknown}
Potions
 g - 3 potions of haste {unknown}
 n - a potion of resistance {unknown}
 o - 2 potions of flight {unknown}
 q - a potion of degeneration {unknown}
 s - a potion of agility {unknown}
 u - a potion of magic {unknown}
Books
 c - a book of Maledictions

   Spells                             Type                      Level
   a - Corona                         Hexes                        1
   b - Ensorcelled Hibernation        Hexes/Ice                    2
   c - Confuse                        Hexes                        3
   d - Tukima's Dance                 Hexes                        3
   e - Dazzling Spray                 Conjuration/Hexes            3
Miscellaneous
 t - a plain deck of war
Comestibles
 d - 2 bread rations


   Skills:
 + Level 1.2(1.0) Fighting
 * Level 3.5(3.2) Short Blades
 - Level 0.2(0.0) Throwing
 - Level 3.0(2.7) Dodging
 + Level 8.8(8.6) Stealth
 - Level 2.7(2.5) Spellcasting
 + Level 3.6(3.3) Hexes


You had 4 spell levels left.
You knew the following spells:

 Your Spells              Type           Power        Failure   Level  Hunger
a - Corona                Hex            ##.....      6%          1    #......
b - Ensorcelled Hibernat  Hex/Ice        #.....       17%         2    ##.....
c - Confuse               Hex            ##......     14%         3    ###....


Dungeon Overview and Level Annotations

Branches:
Dungeon (4/15)
 Temple: D:4-7

Altars:
Cheibriados
Fedhas
Nemelex Xobeh
Xom
Yredelemnul


Innate Abilities, Weirdness & Mutations

You are tiny and cannot use many weapons and most armour.
You have supernaturally acute eyesight.
You are a herbivore.
You cover ground extremely quickly.
You need consume almost no food.


Message History

The wight is moderately damaged.
You closely miss the wight.
The wight is moderately damaged.
The wight barely misses you.
You hit the wight but do no damage.
The wight is moderately damaged.
The wight closely misses you.
You barely miss the wight.
The wight is moderately damaged.
The wight misses you.
You hit the wight.
The wight is heavily damaged.
You hit the wight but do no damage.
The wight is heavily damaged.
The wight barely misses you.
You hit the wight but do no damage.
The wight is heavily damaged.
The wight hits you with a flail!
You die...
Your body disappears without a glow.

#....z...#.#############
####.....#..............
#.##..#.####.####.###
##.##..#.#$.'.'..#.#†.
#......#.#..#.#..#.#..
#####..#.#'##.#'##.#'#
#..#..............
#)z#.#+##.#'##.#'#
#@.#.# #.#..#.#.h #..#.#
#.#..'.'.Z
#..#.####.####.###
####..............
###############


You could see a wight.

Vanquished Creatures
  An ice beast (D:3)
  A scorpion (D:4)
  A wight (D:4)
  Jessica (D:3)
  An iguana (D:4)
  2 adders (D:2)
  An ooze (D:3)
  A worm (D:3)
  A dart slug (D:3)
  4 giant geckos
  2 orcs
  2 giant cockroaches (D:2)
  3 goblins
  3 hobgoblins
  4 kobolds
  A quokka (D:2)
  7 bats
  7 rats
43 creatures vanquished.

Vanquished Creatures (others)
  4 toadstools (D:1)
4 creatures vanquished.

Grand Total: 47 creatures vanquished

Notes
Turn   | Place    | Note
--------------------------------------------------------------
     0 | D:1      | Firecrotchwizard the Spriggan Enchanter began the quest for the Orb.
     0 | D:1      | Reached XP level 1. HP: 9/9 MP: 5/5
   458 | D:1      | Reached XP level 2. HP: 10/13 MP: 6/6
   618 | D:1      | Reached skill level 5 in Stealth
  1005 | D:2      | Learned a level 2 spell: Ensorcelled Hibernation
  1034 | D:2      | Reached XP level 3. HP: 12/16 MP: 8/8
  1155 | D:2      | Found a blossoming altar of Fedhas.
  1453 | D:2      | You fall through a shaft for 2 floors!
  1724 | D:3      | Noticed Jessica
  1747 | D:3      | Killed Jessica
  1747 | D:3      | Reached skill level 6 in Stealth
  1747 | D:3      | Reached XP level 4. HP: 11/21 MP: 4/9
  2256 | D:3      | Found a basalt altar of Yredelemnul.
  2269 | D:3      | Noticed an ice beast
  2465 | D:3      | Killed an ice beast
  2465 | D:3      | Reached skill level 8 in Stealth
  2465 | D:3      | Reached XP level 5. HP: 25/25 MP: 10/10
  2470 | D:3      | Learned a level 3 spell: Confuse
  2593 | D:4      | Reached skill level 1 in Fighting
  2729 | D:4      | Noticed a phantom
  2981 | D:4      | Found a shimmering altar of Xom.
  2987 | D:4      | Found a sparkling altar of Nemelex Xobeh.
  2991 | D:4      | Found a snail-covered altar of Cheibriados.
  3007 | D:4      | Became a worshipper of Nemelex Xobeh the Trickster
  3034 | D:4      | Received a gift from Nemelex Xobeh
  3319 | D:4      | Reached XP level 6. HP: 16/30 MP: 11/11
  3338 | D:4      | Slain by a wight

Skill      XL: |  1  2  3  4  5 |
---------------+----------------+-----
Stealth        | 5 6 8 |  8.8
Short Blades   | 2 3 |  3.5
Fighting       | 1 |  1.2
Throwing       | |  0.2
Dodging        | |  3.0
Spellcasting   | |  2.7
Hexes          | |  3.6

Action                   |  1- 3 |  4- 6 || total
-------------------------+-------+-------++-------
Melee: Dagger            |    82 |    80 ||   162
 Fire: Blowgun           |       |     4 ||     4
 Cast: Ensorcelled Hiber |     2 |       ||     2
 Stab: Sleeping          |    15 |     8 ||    23
Armor: Robe              |     6 |     6 ||    12
Dodge: Dodged            |    58 |    60 ||   118
